 Dungeon Crawl Stone Soup version 0.31-a0-845-g9abc20d24f (webtiles) character file.

Game seed: 13661890715445466193

63 Bnni the Vexing (level 4, -7/33 HPs)
             Began as a Formicid Hexslinger on Oct 3, 2023.
             Mangled by a gnoll
             ... wielding a +0 flail
              (10 damage)
             ... on level 2 of the Dungeon.
             The game lasted 00:03:00 (1883 turns).

Bnni the Vexing (Formicid Hexslinger)               Turns: 1883, Time: 00:03:01

Health: -7/33      AC:  2    Str: 13    XL:     4   Next: 31%
Magic:  5/6        EV: 12    Int: 12    God:
Gold:   228        SH:  0    Dex: 18    Spells: 4/6 levels left

rFire   . . .        a - +1 sling
rCold   . . .        (no shield)
rNeg    . . .        c - +0 robe
rPois   +            (helmet unavailable)
rElec   .            (no cloak)
rCorr   .            (no gloves)
SInv    +            (no boots)
Will    .....        (no amulet)
Stlth   ++           k - ring of poison resistance
HPRegen 0.25/turn    (no ring)
MPRegen 0.10/turn

%: no passive effects
@: weak-willed
A: permanent stasis, dig shafts and tunnels, antennae 3, four strong arms
a: Dig, Shaft Self


You were on level 2 of the Dungeon.
You visited 1 branch of the dungeon, and saw 3 of its levels.

You collected 228 gold pieces.

Inventory:

Hand Weapons
 a - a +1 sling (weapon)
Armour
 c - a +0 robe (worn)
Jewellery
 k - a ring of poison resistance (left hand)
Scrolls
 b - a scroll of poison
 e - a scroll of fear {unknown}
 g - a scroll of teleportation {unknown}
 h - a scroll of enchant armour {unknown}
 i - 3 scrolls of fog
 j - a scroll of revelation {unknown}
 l - a scroll of immolation {unknown}
 m - a scroll of blinking {unknown}
 p - a scroll of noise {unknown}
 q - a scroll of silence {unknown}
Potions
 d - a potion of brilliance {unknown}
 f - a potion of curing
 n - a potion of magic
 o - a potion of enlightenment
 r - a potion of degeneration {unknown}


   Skills:
 + Level 1.8 Fighting
 * Level 3.0 Ranged Weapons
 - Level 1.7 Dodging
 + Level 1.8 Spellcasting
 * Level 4.4 Hexes
 - Level 1.0 Fire Magic


You had 4 spell levels left.
You knew the following spells:

 Your Spells              Type           Power      Damage    Failure   Level
a - Jinxbite              Hex            22%        N/A       7%          2

Your spell library contained the following spells:

 Spells                   Type           Power      Damage    Failure   Level
 Sigil of Binding         Hex            11%        N/A       13%         3
 Inner Flame              Hex/Fire       7%         N/A       26%         3
 Lesser Beckoning         Tloc           2%         N/A       38%         2
 Momentum Strike          Conj/Tloc      2%         3d8       38%         2
 Cause Fear               Hex            5%         N/A       41%         4
 Dimensional Bullseye     Hex/Tloc       3%         N/A       73%         4
 Blink                    Tloc           Unusable   N/A       N/A         2

Dungeon Overview and Level Annotations

Branches:
Dungeon (3/15)

Altars:


Innate Abilities, Weirdness & Mutations

You cannot be hasted, slowed, berserked, paralysed or teleported.
You can dig through walls and to a lower floor.
You have a pair of large antennae on your head. (SInv)
Your four strong arms can wield two-handed weapons with a shield.


Message History

The gnoll shouts!
A kobold comes into view. It is wielding a +0 short sword.
You shoot a sling bullet. The sling bullet hits the gnoll.
The gnoll is heavily wounded.
A giggling sprite leaps out and bonks the gnoll with its +0 spear.
The gnoll is severely wounded.
You shoot a sling bullet.
The sling bullet closely misses the gnoll.
The sling bullet barely misses the gnoll.
A giggling sprite leaps out and bonks the gnoll with its +0 club.
The gnoll is moderately wounded.
The gnoll barely misses you.
The gnoll hits you from afar with a +0 spear.
You shoot a sling bullet.
The sling bullet closely misses the gnoll.
The sling bullet hits the gnoll.
The gnoll is heavily wounded.
The gnoll seems less drained.
The gnoll misses you.
Unknown command.
You shoot a sling bullet.
The sling bullet barely misses the gnoll.
The gnoll seems less drained.
The gnoll hits you from afar with a +0 spear.
The gnoll misses you.
Unknown command.
The gnoll hits you from afar with a +0 spear.
The gnoll hits you but does no damage. The gnoll misses you.
You climb upwards.
The jinxing sprites lose interest in you.
There is a stone staircase leading down here.
Unknown command.
You shoot a sling bullet.
The sling bullet closely misses the gnoll.
The gnoll hits you with a +0 club. The gnoll misses you.
The gnoll attacks as it pursues you! The gnoll hits you with a +0 club.
The gnoll hits you with a +0 flail. The gnoll attacks as it pursues you!
The gnoll hits you with a +0 flail!
* * * LOW HITPOINT WARNING * * *
The gnoll attacks as it pursues you! The gnoll hits you with a +0 flail!
You die...

#.#.####....## #.......###### ##.
#.#.......#..###............# #..
#.#######.#.................###..
#.# #.#.#.......#.......#.... #.#
#.#.#.......#.......'.##. #.#
#.#.#.......#.......####. #.#
#.#.#>......#.......####. #.#
#.#.#..#######........... #.#
#.#.##..@g.###.########## #.#
#.#.######.g.#.# #...... #.#
#.#.# ###...# #.##### #.# #.#.#
#>.## #.# #.# #.#.# ####'####
#.##### #.# #.#.# #.......#
#.<...# #.#### #.#.# #.......#
#####.# .....# #.#.# #.......#
#.# .....# #.#.# #.......# #.#


You could see 2 gnolls.

Vanquished Creatures
  3 adders
  A ball python (D:3)
  2 endoplasms
  4 giant cockroaches
  3 goblins
  6 hobgoblins
  3 jackals (D:1)
  3 quokkas
  2 bats
  A frilled lizard (D:3)
  A kobold (D:2)
  3 rats
32 creatures vanquished.

Notes
Turn   | Place    | Note
-------+----------+-------------------------------------------
     0 | D:1      | Bnni the Formicid Hexslinger began the quest for the Orb.
     0 | D:1      | Reached XP level 1. HP: 15/15 MP: 2/2
   155 | D:1      | Reached XP level 2. HP: 21/21 MP: 3/3
   161 | D:1      | Learned a level 2 spell: Jinxbite
   263 | D:1      | Reached skill level 4 in Hexes
   525 | D:1      | Reached XP level 3. HP: 23/26 MP: 5/5
  1778 | D:3      | Reached XP level 4. HP: 33/33 MP: 6/6
  1883 | D:2      | Mangled by a gnoll

Illustrated notes

Levels and vault maps discovered:
D:1:      dpeg_arrival_round_a, layout_loops_cross
D:2:      layout_basic
D:3:      layout_rooms, amethyst_overflow_temple_binary, serial_shops,
          nicolae_shop_statue_plus

Skill      XL: |  1  2  3  4 |
---------------+-------------+-----
Hexes          | 4 |  4.4
Ranged Weapons | 3 |  3.0
Fighting       | |  1.8
Dodging        | |  1.7
Spellcasting   | |  1.8
Fire Magic     | |  1.0

Action                     |  1- 3 |  4- 6 || total
---------------------------+-------+-------++-------
   Fire: Sling             |    85 |    18 ||   103
   Cast: Jinxbite          |     1 |     1 ||     2
    Use: Scroll            |     4 |     1 ||     5
 Armour: Robe              |    15 |     9 ||    24
  Dodge: Dodged            |    36 |     5 ||    41

Table legend: (Time is in decaauts)
 A = Elapsed time spent in this place.
 B = Non-inter-level travel time spent in this place.
 C = Inter-level travel time spent in this place.
 D = Time resting spent in this place.
 E = Time spent auto-exploring this place.
 F = Levels seen in this place.
 G = Mean time per level.
                   A        B        C        D        E       F      G
               +--------+--------+--------+--------+--------+-----+--------+
         Total |   1911 |   1769 |    142 |      0 |   1523 |   3 |  637.0 |
       Dungeon |   1911 |   1769 |    142 |      0 |   1523 |   3 |  637.0 |
               +--------+--------+--------+--------+--------+-----+--------+

Top non-repeatable levels by time:
     D:1: 904 daAuts
     D:2: 888 daAuts
     D:3: 118 daAuts
